 Dungeon Crawl Stone Soup version 0.30.0-29-ga12c61a403 (webtiles) character file.

Game seed: 3693693782101879993

545 NateTC the Ruffian (level 7, -1/68 HPs)
             Began as a Troll Fighter on June 20, 2023.
             Slain by a kobold
             ... wielding a +0 whip
              (5 damage)
             ... on level 4 of the Dungeon on June 23, 2023.
             The game lasted 00:09:31 (2359 turns).

NateTC the Ruffian (Troll Fighter)                  Turns: 2359, Time: 00:09:32

Health: -1/68      AC:  4    Str: 25    XL:     7   Next: 6%
Magic:  6/6        EV:  9    Int:  6    God:
Gold:   147        SH:  0    Dex:  9    Spells: 6/6 levels left

rFire   . .          .
                       - Unarmed
rCold   . . .        b - +0 kite shield
rNeg    . . .        a - +0 robe
rPois   .            (helmet restricted)
rElec   .            (no cloak)
rCorr   .            (gloves unavailable)
SInv    .            (boots unavailable)
Will    .....        (no amulet)
Stlth   +            (no ring)
HPRegen 1.11/turn    (no ring)
MPRegen 0.10/turn

%: no passive effects
@: confused
A: large, unfitting armour, claws 3, regeneration 1, shaggy fur 1, tough skin 1
a: no special abilities


You were on level 4 of the Dungeon.
You visited 1 branch of the dungeon, and saw 6 of its levels.

You collected 147 gold pieces.

Inventory:

Armour
 a - a +0 robe (worn)
 b - a +0 kite shield (worn)
Wands
 i - a wand of flame (12)
Scrolls
 h - a scroll of brand weapon {unknown}
 j - 5 scrolls of teleportation {unknown}
 k - a scroll of enchant weapon {unknown}
 o - 2 scrolls of identify
Potions
 c - a potion of might
 d - a potion of brilliance
 e - a potion of invisibility
 f - a potion of degeneration {unknown}
 g - a potion of berserk rage {unknown}
 l - a potion of flight {unknown}
 m - a potion of heal wounds {unknown}
 n - 2 potions of curing {unknown}


   Skills:
 + Level 3.9 Fighting
 - Level 2.4 Dodging
 + Level 4.2 Shields
 * Level 5.6 Unarmed Combat


You had 6 spell levels left.
You didn't know any spells.
Your spell library contained the following spells:

 Spells                   Type           Power      Damage    Failure   Level
 Foxfire                  Conj/Fire      0%         2x1d4     71%         1
 Sublimation of Blood     Necr           0%         N/A       83%         2
 Tukima's Dance           Hex            0%         N/A       97%         3
 Passage of Golubria      Tloc           0%         N/A       100%        4
 Petrify                  Tmut/Erth      0%         N/A       100%        4
 Fireball                 Conj/Fire      0%         3d3       100%        5
 Irradiate                Conj/Tmut      0%         3d11      100%        5
 Yara's Violent Unravell  Hex/Tmut       0%         3d3       100%        5
 Plasma Beam              Fire/Air       0%         2x1d11    100%        6
 Starburst                Conj/Fire      0%         6d3       100%        6


Dungeon Overview and Level Annotations

Branches:
Dungeon (6/15) Zot: 26498
 Temple: D:4-7

Altars:
Elyvilon

Shops:
D:4 !   D:5 (

Annotations:
D:3 1 runed translucent door, Crazy Yiuf


Innate Abilities, Weirdness & Mutations

You are too large for most types of armour.
You have claws for hands.
Your natural rate of healing is unusually fast.
You are covered in fur. (AC +1)
You have tough skin. (AC +1)


Message History

You scratch the orc priest but do no damage.
The orc priest is lightly wounded.
You block the orc priest's attack.
The kobold zaps a wand.
You resist with some effort. Something hits you. The orc closely misses you.
You scratch the orc priest but do no damage.
The orc priest is lightly wounded.
The kobold hits you with a +0 whip.
The orc priest calls down the wrath of Beogh upon you.
Pain shoots through your body! Something hits you. The orc barely misses you.
You mangle the orc priest!!
You kill the orc priest!
The kobold zaps a wand.
Your will is overpowered!
You are confused.
Something hits you but does no damage. The orc hits you with a +0 flail!
You scratch the hobgoblin.
You kill the hobgoblin!
The orc barely misses you. The kobold hits you with a +0 whip.
* * * LOW HITPOINT WARNING * * *
Something hits you but does no damage.
You're too confused to move!
The orc hits you with a +0 flail!
* * * LOW HITPOINT WARNING * * *
Something hits you.
* * * LOW HITPOINT WARNING * * *
The kobold closely misses you.
Okay, then.
You scratch something but do no damage. The orc completely misses you.
The kobold barely misses you. Something hits you but does no damage.
Something hits you.
* * * LOW HITPOINT WARNING * * *
The orc hits you but does no damage.
You hear some strange, mumbled words.
A puff of flame appears from out of thin air!
The puff of flame hits you!
* * * LOW HITPOINT WARNING * * *
The kobold zaps a wand.
Your will is overpowered!
You are more confused.
There is an open door, spattered with blood here.
Items here: )) [ ††.
You bump into the rock wall.
The kobold hits you with a +0 whip.
You die...

#... +......# #...
#......# #....
#......# #....
#......#
#....########.....####
#.....#....##.....#..#
#.....#K....#........#
#.....@)....#........#
#.....#o{...'..).....#
#....########........#
#.... #........# #...
#..).##.### #...
#....##.#)> #..
#.......... #..
.'..........
..#..........


You could see an orc and a kobold.

Vanquished Creatures
  Pargi (D:4)
  An ogre (D:4)
  A scorpion (D:6)
  A jelly (D:4)
  3 orc priests
  A sleepcap (D:4)
  Jessica (D:3)
  5 adders
  3 worms
  A dart slug (D:1)
  8 orcs
  9 ball pythons
  6 bats
  6 endoplasms
  2 giant cockroaches
  11 goblins
  8 hobgoblins
  2 jackals
  6 kobolds
  3 quokkas
  2 frilled lizards
  4 rats
85 creatures vanquished.

Vanquished Creatures (others)
  A butterfly (D:4)
1 creature vanquished.

Grand Total: 86 creatures vanquished

Notes
Turn   | Place    | Note
-------+----------+-------------------------------------------
     0 | D:1      | NateTC the Troll Fighter began the quest for the Orb.
     0 | D:1      | Reached XP level 1. HP: 22/22 MP: 0/0
   180 | D:1      | Reached XP level 2. HP: 29/29 MP: 1/1
   761 | D:2      | Found a faded altar of an unknown god.
   803 | D:2      | Reached XP level 3. HP: 33/36 MP: 2/2
   810 | D:2      | Reached skill level 3 in Unarmed Combat
  1145 | D:3      | Reached XP level 4. HP: 42/44 MP: 3/3
  1364 | D:3      | Found a runed translucent door.
  1365 | D:3      | Noticed Crazy Yiuf
  1401 | D:3      | Noticed Jessica
  1405 | D:3      | Killed Jessica
  1742 | D:3      | Reached skill level 4 in Unarmed Combat
  1742 | D:3      | Reached XP level 5. HP: 53/53 MP: 4/4
  1814 | D:3      | You fall into a shaft and drop 3 floors!
  1839 | D:5      | Entered Level 5 of the Dungeon
  1839 | D:5      | Found Fyenwae's Weapon Shoppe.
  2099 | D:4      | Reached XP level 6. HP: 55/61 MP: 5/5
  2107 | D:4      | Found Weockib's Distillery.
  2133 | D:4      | Noticed Pargi
  2139 | D:4      | Killed Pargi
  2140 | D:4      | Reached skill level 5 in Unarmed Combat
  2174 | D:4      | Identified the +3 ring mail "Zibboira" {Str+4}
  2179 | D:4      | Found a white marble altar of Elyvilon.
  2345 | D:4      | Reached XP level 7. HP: 52/68 MP: 6/6
  2358 | D:4      | HP: 3/68 [something/puff of flame (7)]
  2359 | D:4      | Slain by a kobold

Illustrated notes

Levels and vault maps discovered:
D:1:      saegor_arrival_miasma, layout_loops_ring
D:2:      layout_rooms, shapermc_ecumenical_altar_venn
D:3:      layout_loops_cross, dk_noncrumbling_4, uniq_jessica,
          uniq_crazy_yiuf_cottage
D:4:      layout_gridville, nicolae_elyvilon_peaceful_grove, marbit_many_paths,
          serial_shops, nicolae_shop_temple_entry_statues_fountains, uniq_pargi
D:5:      nicolae_cairo_tiling_large_dashed, layout_basic,
          mainiacjoe_overflow_alcove_4, vehumet_crystals, minivault_27,
          nicolae_stop_n_shop_2, st_stairs_9, minivault_24
D:6:      layout_gridville, gammafunk_temple_overflow_elements,
          minmay_temple_entry_water_ring

Skill      XL: |  1  2  3  4  5  6 |
---------------+-------------------+-----
Shields        | 3 4 |  4.2
Unarmed Combat | 3 4 5 |  5.6
Fighting       | 3 |  3.9
Dodging        | |  2.4

Action                     |  1- 3 |  4- 6 |  7- 9 || total
---------------------------+-------+-------+-------++-------
  Melee: Unarmed           |   111 |   132 |    11 ||   254
    Use: Scroll            |     3 |     1 |       ||     4
   Stab: Sleeping          |     2 |       |       ||     2
 Armour: Robe              |    57 |    24 |     8 ||    89
  Dodge: Dodged            |    38 |    49 |    14 ||   101
  Block: Kite shield       |    48 |    42 |     7 ||    97
